 Dungeon Crawl Stone Soup version 0.31-a0-165-g3f4f80340b (webtiles) character file.

Game seed: 9285128900065923257

124 qw the Chopper (level 5, 0/32 HPs)
             Began as a Gargoyle Fighter on June 13, 2023.
             Frozen to death by an endoplasm (2 damage)
             ... on level 2 of the Dungeon.
             The game lasted 00:00:46 (1260 turns).

qw the Chopper (Gargoyle Fighter)                   Turns: 1260, Time: 00:00:47

Health: 0/32       AC:  8    Str: 21    XL:     5   Next: 8%
Magic:  5/5        EV:  9    Int:  9    God:
Gold:   50         SH:  4    Dex:  9    Spells: 4/4 levels left

rFire   . . .        Y - +0 war axe
rCold   . . .        c - +0 buckler
rNeg    + . .        b - +0 scale mail
rPois   inf          (no helmet)
rElec   +            (no cloak)
rCorr   .            (no gloves)
SInv    .            o - +0 pair of boots
Will    .....        (no amulet) Stlth
                     (no ring)
HPRegen 0.25/turn    (no ring)
MPRegen 0.09/turn

%: no passive effects
@: corroded
A: sickness immunity, AC +4, negative energy resistance 1, electricity
resistance, torment resistance 1, petrification resistance
a: no special abilities


You were on level 2 of the Dungeon.
You visited 1 branch of the dungeon, and saw 2 of its levels.

You collected 50 gold pieces.


Innate Abilities, Weirdness & Mutations

You are immune to sickness and miasma.
Your stone body is resilient. (AC +4)
You are immune to poison.
You resist negative energy. (rN+)
You are resistant to electric shocks. (rElec)
You are resistant to unholy torment.
You are immune to petrification.


   Skills:
 - Level 3.2 Fighting
 + Level 4.6 Axes
 - Level 3.2 Armour
 - Level 3.2 Shields


You had 4 spell levels left.
You didn't know any spells.
Your spell library was empty.

Inventory:

Hand Weapons
 e - a +0 flail
 Y - a +0 war axe (weapon)
Armour
 a - a +0 chain mail
 b - a +0 scale mail (worn)
 c - a +0 buckler (worn)
 o - a +0 pair of boots (worn)
Scrolls
 i - a scroll of teleportation {unknown}
 n - a scroll of identify
 p - a scroll of enchant weapon {unknown}
Potions
 d - 2 potions of might
 f - 2 potions of curing {unknown}
 g - a potion of haste {unknown}
 h - a potion of magic {unknown}
 j - a potion of attraction
 k - a potion of lignification {unknown}
 l - a potion of enlightenment {unknown}
 m - a potion of heal wounds {unknown}
 q - a potion of degeneration {unknown}

Dungeon Overview and Level Annotations

Branches:
Dungeon (2/15)

Altars:

Shops:
D:1 [


Message History

The jelly hits you but does no damage.
You hit the jelly.
Your hands burn!
The jelly is almost dead.
A nearby fungus withers and dies.
The jelly barely misses you.
You hit the jelly.
You kill the jelly!
The endoplasm hits the fungus.
The fungus begins to die.
You block the jelly's attack.
The endoplasm hits you but does no damage.
You have reached level 5!
You hit the jelly. The acid corrodes you!
Your hands burn!
The jelly is heavily wounded.
You hit the endoplasm but do no damage. You block the endoplasm's attack.
The jelly hits you.
You are splashed with acid!
The endoplasm jiggles.
The endoplasm hits the fungus.
You barely miss the jelly.
The jelly is heavily wounded.
You hit the endoplasm but do no damage.
The endoplasm hits you but does no damage.
The jelly barely misses you.
The endoplasm hits the fungus.
You hit the jelly but do no damage.
Your hands burn!
The jelly is heavily wounded.
You hit the endoplasm but do no damage. The endoplasm hits you.
The jelly barely misses you.
The endoplasm hits the fungus.
You hit the jelly.
Your hands burn!
The jelly is severely wounded.
You hit the endoplasm.
A nearby fungus withers and dies.
The endoplasm hits you but does no damage.
The jelly closely misses you. The jelly hits you but does no damage.
The endoplasm barely misses you.
You hit the jelly but do no damage.
Your hands burn!
The jelly is severely wounded.
You hit the endoplasm. You hit the endoplasm but do no damage.
The endoplasm freezes you.
You are frozen.
You die...

......# ### #.#<..#..
...###########.##..%..!##.#...#..
##.#####....#.#)#.PPP..##.#......
#.#.##)....#.#.#......##.#....##
#...').....#'#.#...P..##......#
#...').......#.#......######.##
#.#.)).......#.#..P...# #..#
#.#.##.......#.#J%..%.# ###.##
#######......##@JJP...# #...#
#.## ##########J.....# #%######
#..# ### ####### #....... #..##
#.######## ###.......
##.^###........# #.........
#.......####+###### #.#.......
#.................. #.#.......
#.......#.......... #.#.......
#.......##......... ###.#.......


You could see a jelly and 3 endoplasms.

Vanquished Creatures
  A jelly (D:2)
  4 gnolls (D:2)
  An adder (D:2)
  A worm (D:2)
  9 endoplasms
  2 giant cockroaches (D:1)
  5 goblins
  2 hobgoblins
  A quokka (D:1)
  A ball python (D:2)
  A bat (D:1)
  4 frilled lizards (D:1)
  10 kobolds
  2 rats (D:1)
44 creatures vanquished.

Notes
Turn   | Place    | Note
-------+----------+-------------------------------------------
     0 | D:1      | qw the Gargoyle Fighter began the quest for the Orb.
     0 | D:1      | Reached XP level 1. HP: 14/14 MP: 1/1
     0 | D:1      | 0 ||| qw: Version: 0.2-a-29-gc1b59c4
     0 | D:1      | 0 ||| qw: Game counter: 4789
     0 | D:1      | 0 ||| qw: Always use a shield: true
     0 | D:1      | 0 ||| qw: God list: Okawaru
     0 | D:1      | 0 ||| qw: Allow faded altars: false
     0 | D:1      | 0 ||| qw: Do Orc after D:15 true
     0 | D:1      | 0 ||| qw: Do second Lair branch before Depths: true
     0 | D:1      | 0 ||| qw: Lair rune preference: random
     0 | D:1      | 0 ||| qw: Plans: Normal, Zot:1-4, Slime:5, God:TSO, Crypt,
                  | Tomb, Abyss, Pan, Hells, Win
     0 | D:1      | 0 ||| PLANNING D:1-11
    93 | D:1      | Reached skill level 2 in Axes
   187 | D:1      | Found Mahapyco's Armour Shoppe.
   195 | D:1      | 195 ||| SHOPLISTING +0 chain mail (49 gold, have 0).
   195 | D:1      | 195 ||| SHOPLISTING +0 cloak (49 gold, have 0).
   195 | D:1      | 195 ||| SHOPLISTING +0 leather armour of cold resistance
                  | (99 gold, have 0).
   195 | D:1      | 195 ||| SHOPLISTING +0 plate armour (253 gold, have 0).
   195 | D:1      | 195 ||| SHOPLISTING +2 chain mail of cold resistance (236
                  | gold, have 0).
   195 | D:1      | 195 ||| SHOPLISTING +2 cloak of preservation (236 gold,
                  | have 0).
   268 | D:1      | Reached XP level 2. HP: 19/19 MP: 2/2
   742 | D:1      | 742 ||| UPGRADING to +0 pair of boots.
   747 | D:1      | 747 ||| READING scroll labelled WOIRAD XIUCUE.
   748 | D:1      | 748 ||| READING scroll labelled RIUZXADIE HOIL.
   749 | D:1      | 749 ||| READING scroll labelled OQENIYS LELO.
   750 | D:1      | 750 ||| READING scroll labelled HUGAARGHYTU.
   751 | D:1      | 751 ||| READING scroll labelled PIMABB ELOXZE.
   752 | D:1      | 752 ||| DRINKING 2 fizzy black potions.
   771 | D:2      | Reached skill level 3 in Axes
   771 | D:2      | Reached XP level 3. HP: 20/23 MP: 3/3
   783 | D:2      | Reached XP level 4. HP: 25/28 MP: 4/4
   797 | D:2      | 797 ||| DROPPING +0 club.
   800 | D:2      | 800 ||| DROPPING +0 whip.
  1087 | D:2      | 1087 ||| Stepping ~*~*~tactically~*~*~ (stealth).
  1112 | D:2      | Reached skill level 4 in Axes
  1256 | D:2      | Reached XP level 5. HP: 26/32 MP: 5/5
  1259 | D:2      | HP: 7/32 [acid (3)]
  1260 | D:2      | HP: 2/32 [acid (5)]
  1260 | D:2      | Frozen to death by an endoplasm

Levels and vault maps discovered:
D:1:      eino_arrival_water_cross, layout_basic, serial_shops,
          nicolae_diamond_shop, serial_bayou_crossing
D:2:      cheibrodos_fertilizer, layout_basic, uniq_crazy_yiuf_cottage

Skill      XL: |  1  2  3  4 |
---------------+-------------+-----
Axes           | 2 3 4 |  4.6
Fighting       | |  3.2
Armour         | |  3.2
Shields        | |  3.2

Action                     |  1- 3 |  4- 6 || total
---------------------------+-------+-------++-------
  Melee: War axe           |    46 |    69 ||   115
    Use: Scroll            |     5 |       ||     5
         Potion            |     1 |       ||     1
 Armour: Scale mail        |    13 |    37 ||    50
  Dodge: Dodged            |    18 |    37 ||    55
  Block: Buckler           |     5 |    12 ||    17

Table legend:
 A = Non-vault XP
 B = Vault XP
 C = Vault XP percentage of total XP
 D = Non-vault monster count
 E = Vault monster count
 F = Vault count percentage of total count
                 A         B        C        D         E       F
            +---------+---------+-------+---------+---------+-------
      Total |     112 |      66 |  37.1 |      29 |      15 |  34.1
            +---------+---------+-------+---------+---------+-------
        D:1 |      26 |       0 |   0.0 |      17 |       0 |   0.0
        D:2 |      86 |      66 |  43.4 |      12 |      15 |  55.6
            +---------+---------+-------+---------+---------+-------
